MLB
PHILADELPHIA PHILLIES @ MIAMI MARLINS
05/01/2018
 
TOP OF THE 1ST
Philadelphia Phillies batting - Pitching for Miami Marlins : RHP Johnny Cueto
Pitching: RHP Johnny Cueto
Batting: LHB Leonys Martin 0-0: Ball
1-0: Called Strike
1-1: SOLO HOME RUN (Flyball, 9D), Distance : 385 ft
Batting: RHB Amed Rosario 0-0: SINGLE (Groundball, 5D)
Batting: RHB Giancarlo Stanton Pickoff Throw to First - Error! E1
Amed Rosario to second
0-0: Ball
1-0: Foul Ball, location: 2F
1-1: Ground out 5-3 (Groundball, 5)
Batting: LHB Justin Bour 0-0: Ball
1-0: Called Strike
1-1: Ball
2-1: 2-RUN HOME RUN (Flyball, 89XD), Distance : 404 ft
Batting: LHB Kole Calhoun 0-0: Ground out U3 (Groundball, 3L)
Batting: LHB Nicky Delmonico 0-0: Foul Ball, location: 2F
0-1: Ball
1-1: Ball
2-1: Ball
3-1: Base on Balls
Batting: RHB Carson Kelly 0-0: Ball
1-0: Fielders Choice at 2nd, 5-4 (Groundball, 56)
Top of the 1st over - 3 runs, 3 hits, 1 error, 1 left on base; Philadelphia 3 - Miami 0
BOTTOM OF THE 1ST
Miami Marlins batting - Pitching for Philadelphia Phillies : LHP Dallas Keuchel
Pitching: LHP Dallas Keuchel
Batting: LHB David Dahl 0-0: Called Strike
0-1: Ball
1-1: Swinging Strike
1-2: Strikes out swinging
Batting: RHB Javier Baez 0-0: SINGLE (Groundball, 5S) (infield hit)
Batting: SHB Francisco Lindor 0-0: Called Strike
0-1: Called Strike
0-2: Foul Ball, location: 2F
0-2: Foul Ball, location: 2F
0-2: Ball
1-2: DOUBLE (Line Drive, 9LS)
Javier Baez to third
Runner from 3rd tries for Home, SAFE, no throw
Batting: RHB C.J. Cron 0-0: Ball
1-0: Called Strike
1-1: Called Strike
1-2: Ground out 3-1 (Groundball, 34)
Francisco Lindor to third
Batting: LHB Max Kepler 0-0: Called Strike
0-1: Ground out U3 (Groundball, 3S)
Bottom of the 1st over - 1 run, 2 hits, 0 errors, 1 left on base; Philadelphia 3 - Miami 1
TOP OF THE 2ND
Philadelphia Phillies batting - Pitching for Miami Marlins : RHP Johnny Cueto
Batting: RHB Scott Kingery 0-0: Ball
1-0: Ball
2-0: Called Strike
2-1: SINGLE (Groundball, 5) (infield hit)
Batting: LHB Dallas Keuchel 0-0: Ball
1-0: Sac Bunt - play at second, runner OUT! 3-6
Batting: LHB Leonys Martin 0-0: Called Strike
0-1: Ball
1-1: Ball
2-1: Fielders Choice at 2nd, 5-4 (Groundball, 56)
Now at 2B: Adam Frazier
Batting: RHB Amed Rosario 0-0: Foul Ball, location: 2F
0-1: Ball
1-1: Ball
2-1: Reached on error, E5 (Groundball, 56)
Leonys Martin to second
Batting: RHB Giancarlo Stanton 0-0: Swinging Strike
0-1: Foul Ball, location: 2F
0-2: Foul Ball, location: 2F
0-2: Strikes out swinging
Top of the 2nd over - 0 runs, 1 hit, 1 error, 2 left on base; Philadelphia 3 - Miami 1
BOTTOM OF THE 2ND
Miami Marlins batting - Pitching for Philadelphia Phillies : LHP Dallas Keuchel
Batting: RHB Ian Desmond 0-0: Foul Ball, location: 2F
0-1: Foul Ball, location: 2F
0-2: Fly out, F8 (Flyball, 8RXD)
Batting: RHB Charlie Culberson 0-0: Called Strike
0-1: Swinging Strike
0-2: Foul Ball, location: 2F
0-2: Ball
1-2: Foul Ball, location: 2F
1-2: SOLO HOME RUN (Flyball, 7D), Distance : 388 ft
Batting: RHB Francisco Pena 0-0: Fly out, F7 (Flyball, 7)
Batting: RHB Johnny Cueto 0-0: Ground out 5-3 (Groundball, 56S)
Bottom of the 2nd over - 1 run, 1 hit, 0 errors, 0 left on base; Philadelphia 3 - Miami 2
TOP OF THE 3RD
Philadelphia Phillies batting - Pitching for Miami Marlins : RHP Johnny Cueto
Batting: LHB Justin Bour 0-0: Ball
1-0: Swinging Strike
1-1: Foul Ball, location: 2F
1-2: DOUBLE (Flyball, 78XD)
Batting: LHB Kole Calhoun 0-0: Fly out, F8 (Flyball, 89M)
Batting: LHB Nicky Delmonico 0-0: Called Strike
0-1: Called Strike
0-2: Ball
1-2: Strikes out looking
Batting: RHB Carson Kelly 0-0: Ground out 6-3 (Groundball, 6)
Top of the 3rd over - 0 runs, 1 hit, 0 errors, 1 left on base; Philadelphia 3 - Miami 2
BOTTOM OF THE 3RD
Miami Marlins batting - Pitching for Philadelphia Phillies : LHP Dallas Keuchel
Batting: LHB David Dahl 0-0: Ball
1-0: Called Strike
1-1: Swinging Strike
1-2: Strikes out swinging
Batting: LHB Adam Frazier 0-0: Called Strike
0-1: Ball
1-1: Ball
2-1: Ball
3-1: Fly out, F7 (Flyball, 78D)
Batting: SHB Francisco Lindor 0-0: Called Strike
0-1: Foul Ball, location: 2F
0-2: Ball
1-2: SINGLE (Line Drive, 78S)
Batting: RHB C.J. Cron 0-0: Ball
1-0: Ball
2-0: Ball
3-0: Called Strike
3-1: Called Strike
3-2: Strikes out swinging
Bottom of the 3rd over - 0 runs, 1 hit, 0 errors, 1 left on base; Philadelphia 3 - Miami 2
TOP OF THE 4TH
Philadelphia Phillies batting - Pitching for Miami Marlins : RHP Johnny Cueto
Batting: RHB Scott Kingery 0-0: Called Strike
0-1: Foul Ball, location: 2F
0-2: Ball
1-2: Ground out 5-3 (Groundball, 5L)
Batting: LHB Dallas Keuchel 0-0: Ball
1-0: SINGLE (Line Drive, 7LS)
Batting: LHB Leonys Martin 0-0: Ball
1-0: Called Strike
1-1: Ball
2-1: Foul Ball, location: 2F
2-2: Ball
3-2: Grounds into double play, 6-4-3 (Groundball, 6)
Top of the 4th over - 0 runs, 1 hit, 0 errors, 0 left on base; Philadelphia 3 - Miami 2
BOTTOM OF THE 4TH
Miami Marlins batting - Pitching for Philadelphia Phillies : LHP Dallas Keuchel
Batting: LHB Max Kepler 0-0: Ball
1-0: Called Strike
1-1: Called Strike
1-2: Foul Ball, location: 2F
1-2: Strikes out swinging
Batting: RHB Ian Desmond 0-0: Foul Ball, location: 2F
0-1: Ball
1-1: Foul Ball, location: 2F
1-2: Ball
2-2: Strikes out swinging
Batting: RHB Charlie Culberson 0-0: Ball
1-0: Called Strike
1-1: Foul Ball, location: 2F
1-2: Ground out 6-3 (Groundball, 6)
Bottom of the 4th over - 0 runs, 0 hits, 0 errors, 0 left on base; Philadelphia 3 - Miami 2
TOP OF THE 5TH
Philadelphia Phillies batting - Pitching for Miami Marlins : RHP Johnny Cueto
Batting: RHB Amed Rosario 0-0: Ground out 6-3 (Groundball, 6)
Batting: RHB Giancarlo Stanton 0-0: Called Strike
0-1: Ball
1-1: Ball
2-1: Ground out 5-3 (Groundball, 5L)
Batting: LHB Justin Bour 0-0: Ball
1-0: Called Strike
1-1: Ball
2-1: Ball
3-1: Called Strike
3-2: Strikes out swinging
Top of the 5th over - 0 runs, 0 hits, 0 errors, 0 left on base; Philadelphia 3 - Miami 2
BOTTOM OF THE 5TH
Miami Marlins batting - Pitching for Philadelphia Phillies : LHP Dallas Keuchel
Batting: RHB Francisco Pena 0-0: SINGLE (Line Drive, 4M)
Pinch Hitting: LHB Alex Gordon 0-0: SINGLE (Groundball, 4D)
Francisco Pena to second
Runner from 2nd tries for 3rd, SAFE, throw made to third
Batting: LHB David Dahl 0-0: Fly out, F9 (Flyball, 89D)
Runner from 3rd tags up, SCORES, throw made
Batting: LHB Adam Frazier 0-0: Called Strike
0-1: Ball
1-1: Ball
2-1: Swinging Strike
2-2: Strikes out swinging
Batting: SHB Francisco Lindor 0-0: Ball
1-0: Foul Ball, location: 2F
1-1: Swinging Strike
1-2: Ball
2-2: Ball
3-2: Ground out 4-3 (Groundball, 4MS)
Bottom of the 5th over - 1 run, 2 hits, 0 errors, 1 left on base; Philadelphia 3 - Miami 3
TOP OF THE 6TH
Philadelphia Phillies batting - Pitching for Miami Marlins : RHP Johnny Cueto
Pitching: RHP John Axford
Batting: LHB Kole Calhoun 0-0: Called Strike
0-1: Ball
1-1: Fly out, F9 (Flyball, 9D)
Batting: LHB Nicky Delmonico 0-0: Ball
1-0: Ball
2-0: Ball
3-0: Base on Balls
Batting: RHB Carson Kelly 0-0: Called Strike
0-1: Ball
1-1: Ball
2-1: Foul Ball, location: 2F
2-2: DOUBLE (Line Drive, 78XD)
Nicky Delmonico to third
Batting: RHB Scott Kingery 0-0: Intentional Walk
Pinch Hitting: RHB Todd Frazier 0-0: Called Strike
0-1: Foul Ball, location: 2F
0-2: Ball
1-2: Ball
2-2: Strikes out swinging
Pitching: LHP Joe Ortiz
Batting: LHB Leonys Martin 0-0: Called Strike
0-1: Called Strike
0-2: Foul Ball, location: 2F
0-2: Ball
1-2: Fly out, F4 (Popup, 3D)
Top of the 6th over - 0 runs, 1 hit, 0 errors, 3 left on base; Philadelphia 3 - Miami 3
BOTTOM OF THE 6TH
Miami Marlins batting - Pitching for Philadelphia Phillies : LHP Dallas Keuchel
Pitching: RHP Sergio Romo
Batting: RHB C.J. Cron 0-0: Ground out 5-3 (Groundball, 5L)
Batting: LHB Max Kepler 0-0: Called Strike
0-1: Fly out, F7 (Flyball, 7S)
Batting: RHB Ian Desmond 0-0: Ball
1-0: Ball
2-0: Foul Ball, location: 2F
2-1: Called Strike
2-2: Strikes out looking
Bottom of the 6th over - 0 runs, 0 hits, 0 errors, 0 left on base; Philadelphia 3 - Miami 3
TOP OF THE 7TH
Philadelphia Phillies batting - Pitching for Miami Marlins : LHP Joe Ortiz
Batting: RHB Amed Rosario 0-0: Foul Ball, location: 2F
0-1: Foul Ball, location: 2F
0-2: Ball
1-2: Foul Ball, location: 2F
1-2: Ball
2-2: Strikes out looking
Batting: RHB Giancarlo Stanton 0-0: Ball
1-0: Ball
2-0: Called Strike
2-1: Fly out, F7 (Line Drive, 7D)
Batting: LHB Justin Bour 0-0: Called Strike
0-1: Ball
1-1: Ball
2-1: Called Strike
2-2: Strikes out looking
Top of the 7th over - 0 runs, 0 hits, 0 errors, 0 left on base; Philadelphia 3 - Miami 3
BOTTOM OF THE 7TH
Miami Marlins batting - Pitching for Philadelphia Phillies : RHP Sergio Romo
Batting: RHB Charlie Culberson 0-0: SINGLE (Line Drive, 89M)
Batting: RHB Francisco Pena 0-0: Ball
1-0: Called Strike
1-1: Fly out, F8 (Flyball, 8RD)
Pinch Hitting: RHB Yasmany Tomas 0-0: Foul Ball, location: 2F
0-1: Fly out, F9 (Flyball, 9LS)
Batting: LHB David Dahl 0-0: Ball
1-0: Fly out, F5 (Popup, 25F)
Bottom of the 7th over - 0 runs, 1 hit, 0 errors, 1 left on base; Philadelphia 3 - Miami 3
TOP OF THE 8TH
Philadelphia Phillies batting - Pitching for Miami Marlins : LHP Joe Ortiz
Pitching: LHP Boone Logan
Batting: LHB Kole Calhoun 0-0: Ball
1-0: Foul Ball, location: 2F
1-1: Swinging Strike
1-2: Ball
2-2: Foul Ball, location: 2F
2-2: Strikes out looking
Batting: LHB Nicky Delmonico 0-0: Called Strike
0-1: Ball
1-1: Ball
2-1: Ball
3-1: Foul Ball, location: 2F
3-2: Fly out, F9 (Flyball, 9S)
Batting: RHB Carson Kelly 0-0: Ball
1-0: SINGLE (Line Drive, 8RS)
Batting: RHB Scott Kingery 0-0: Foul Ball, location: 2F
0-1: Ball
1-1: Swinging Strike
1-2: Strikes out looking
Top of the 8th over - 0 runs, 1 hit, 0 errors, 1 left on base; Philadelphia 3 - Miami 3
BOTTOM OF THE 8TH
Miami Marlins batting - Pitching for Philadelphia Phillies : RHP Sergio Romo
Pitching: LHP Alex Claudio
Batting: LHB Adam Frazier 0-0: Ball
1-0: Ball
2-0: Ball
3-0: Called Strike
3-1: Ground out 3-1 (Groundball, 34S)
Batting: SHB Francisco Lindor 0-0: Called Strike
0-1: Foul Ball, location: 2F
0-2: Ball
1-2: Ball
2-2: Strikes out swinging
Batting: RHB C.J. Cron 0-0: Called Strike
0-1: Swinging Strike
0-2: Foul Ball, location: 2F
0-2: Strikes out swinging
Bottom of the 8th over - 0 runs, 0 hits, 0 errors, 0 left on base; Philadelphia 3 - Miami 3
TOP OF THE 9TH
Philadelphia Phillies batting - Pitching for Miami Marlins : LHP Boone Logan
Pinch Hitting: RHB Jesus Aguilar 0-0: Ball
1-0: Called Strike
1-1: Ball
2-1: Swinging Strike
2-2: Foul Ball, location: 2F
2-2: Foul Ball, location: 2F
2-2: Strikes out swinging
Pitching: RHP Blake Treinen
Batting: LHB Leonys Martin 0-0: Ball
1-0: Ball
2-0: Swinging Strike
2-1: Foul Ball, location: 2F
2-2: Ball
3-2: Base on Balls
Batting: RHB Amed Rosario 0-0: Ball
1-0: Called Strike
1-1: Foul Ball, location: 2F
1-2: Strikes out looking
Batting: RHB Giancarlo Stanton 0-0: Ball
1-0: Ground out 5-3 (Groundball, 5S)
Top of the 9th over - 0 runs, 0 hits, 0 errors, 1 left on base; Philadelphia 3 - Miami 3
BOTTOM OF THE 9TH
Miami Marlins batting - Pitching for Philadelphia Phillies : LHP Alex Claudio
Pitching: RHP Bryan Shaw
Batting: LHB Max Kepler 0-0: Ball
1-0: Ball
2-0: Ground out U3 (Groundball, 3)
Batting: RHB Ian Desmond 0-0: Ball
1-0: Foul Ball, location: 2F
1-1: SINGLE (Groundball, 5D)
Batting: RHB Charlie Culberson 0-0: Called Strike
0-1: Ground out 5-3 (Groundball, 5L)
Ian Desmond to second
Batting: RHB Francisco Pena 0-0: SINGLE (Groundball, 5D)
Ian Desmond to third
Runner from 3rd tries for Home, SAFE, throw made home
Thursday, June 21st, 2018 - OOTP Baseball 19.6 Build 53